AoeStats
← uli2099

Lombardia

509861416Analyzed
4v4 RM · 5d ago on Sep 28, 2026· 40m 52s· 8 players
Game mode
Random Map
Map size
Large (8 player)
Population
200
Speed
Normal
Resources
Standard
Victory
Conquest
Starting age
Dark Age
Ending age
Imperial Age
RankedLock teamsTeams togetherTeam positionsShared explorationLock speedFull tech treeHidden civsTurbo modeCheats
Victory
Defeat
🇩🇪 Mongols · Germany
1266
+14
🇩🇪 Persians · Germany
1252
+15
🇫🇷 Magyars · France
1247
+15
🇬🇷 Hindustanis · Greece
1222
+16
🇳🇴 Japanese · Norway
1297
-17
🇹🇼 Celts · Taiwan
1222
-15
🇨🇳 Vietnamese · China
1191
-14
🇧🇷 Hindustanis · Brazil
1188
-14
888
8:02 Loom
10:38 Feudal Age
13:44 Horse Collar
23:51 Castle Age
21:47 Gold Mining
21:45 Double-Bit Axe
24:34 Bloodlines
24:31 Scale Barding Armor
25:19 Wheelbarrow
25:24 Gold Shaft Mining
26:33 Husbandry
27:03 Chain Barding Armor
27:11 Heavy Plow
36:39 Caravan
uli2099
1:50 Loom
8:57 Feudal Age
9:58 Double-Bit Axe
12:42 Forging
20:58 Horse Collar
24:20 Castle Age
23:19 Gold Mining
23:38 Fletching
24:26 Wheelbarrow
25:07 Bloodlines
25:41 Gold Shaft Mining
25:19 Bow Saw
26:17 Scale Barding Armor
29:21 Bodkin Arrow
30:48 Chain Barding Armor
32:06 Hand Cart
32:06 Heavy Plow
32:20 Husbandry
32:38 Stone Mining
38:12 Stone Shaft Mining
38:55 Ballistics
41:07 Imperial Age
40:14 Elite Skirmisher
41:21 Padded Archer Armor
mojotzotzo
11:50 Feudal Age
10:08 Loom
11:54 Feudal Age
14:48 Horse Collar
15:17 Double-Bit Axe
18:37 Castle Age
19:48 Bow Saw
22:32 Gold Mining
24:02 Forging
27:26 Wheelbarrow
26:40 Town Watch
26:50 Town Watch
29:41 Imperial Age
27:46 Bloodlines
28:21 Husbandry
29:46 Heavy Camel Rider
30:46 Forging
30:42 Scale Barding Armor
33:03 Chain Barding Armor
33:51 Iron Casting
34:24 Plate Barding Armor
36:28 Blast Furnace
35:20 Imperial Camel Rider
38:46 Stone Mining
40:00 Chemistry
Demshredz
2:02 Loom
9:44 Feudal Age
10:07 Double-Bit Axe
13:09 Wheelbarrow
14:07 Horse Collar
18:40 Castle Age
17:32 Stone Mining
19:38 Hand Cart
19:31 Heavy Plow
23:44 Bloodlines
24:15 Scale Barding Armor
24:46 Gold Mining
24:56 Stone Mining
27:24 Hand Cart
28:24 Stone Shaft Mining
28:25 Bow Saw
29:55 Gold Shaft Mining
30:27 Forging
32:21 Husbandry
36:25 Imperial Age
34:57 Chain Barding Armor
35:22 Iron Casting
36:35 Caravan
37:11 Crop Rotation
36:31 Cavalier
37:35 Conscription
37:57 Plate Barding Armor
39:29 Two-Man Saw
Brandt9700
6:56 Loom
9:11 Feudal Age
10:07 Double-Bit Axe
15:20 Forging
15:15 Scale Barding Armor
17:29 Scale Barding Armor
21:43 Wheelbarrow
24:09 Castle Age
24:02 Bloodlines
23:37 Horse Collar
23:48 Gold Mining
25:04 Heavy Plow
25:41 Iron Casting
25:27 Chain Barding Armor
25:52 Husbandry
Jonsiboi
10:33 Feudal Age
8:56 Loom
10:44 Feudal Age
14:42 Castle Age
14:17 Double-Bit Axe
24:22 Gold Mining
24:21 Horse Collar
27:35 Stone Mining
28:46 Bow Saw
29:14 Fletching
29:25 Padded Archer Armor
29:43 Bloodlines
30:01 Husbandry
30:21 Bodkin Arrow
30:57 Ballistics
30:49 Masonry
31:31 Leather Archer Armor
33:52 Wheelbarrow
33:02 Town Watch
33:56 Thumb Ring
42:18 Imperial Age
41:24 Hand Cart
新手村五四
10:45 Feudal Age
14:38 Castle Age
13:15 Double-Bit Axe
13:16 Horse Collar
18:44 Loom
24:58 Wheelbarrow
24:14 Town Watch
30:49 Imperial Age
28:40 Hand Cart
29:41 Fletching
31:42 Bodkin Arrow
31:48 Padded Archer Armor
32:50 Chemistry
32:04 Crossbowman
32:42 Arbalester
33:28 Thumb Ring
33:43 Leather Archer Armor
33:30 Bracer
34:48 Masonry
35:02 Ballistics
34:54 Masonry
35:13 Elite Rattan Archer
36:26 Ring Archer Armor
39:32 Scale Barding Armor
39:38 Forging
GNULINUX
7:23 Loom
10:49 Feudal Age
11:29 Double-Bit Axe
11:41 Man-at-Arms
16:53 Horse Collar
19:25 Castle Age
19:51 Long Swordsman
21:33 Bow Saw
21:35 Gambesons
22:27 Forging
22:28 Gold Mining
25:14 Wheelbarrow
27:27 Heavy Plow
28:26 Pikeman
29:41 Stone Mining
30:26 Gold Shaft Mining
31:11 Hand Cart
34:43 Imperial Age
32:01 Town Watch
32:47 Scale Mail Armor
33:23 Iron Casting
34:38 Chain Mail Armor
36:04 Stone Shaft Mining
38:20 Stronghold
38:52 Conscription
38:33 Halberdier
40:27 Plate Mail Armor
40:58 Blast Furnace
40:31 Elite Woad Raider
Connection lost

Rejoining the realm…

Still unreachable

The connection could not be restored.

Session expired

The server has moved on; the page needs a fresh start.